 Dungeon Crawl Stone Soup version 0.28.0-43-g3370ac3207 (webtiles) character file.

Game seed: 8132731931873526224

2285 Kaptain the Digger (level 9, -7/55 HPs)
             Began as a Gargoyle Earth Elementalist on Mar 26, 2022.
             Mangled by a two-headed ogre
             ... wielding a +0 giant club
              (11 damage)
             ... on level 6 of the Dungeon.
             The game lasted 00:19:20 (8647 turns).

Kaptain the Digger (Gargoyle Earth Elementalist)    Turns: 8647, Time: 00:19:21

Health: -7/55      AC: 18    Str: 13    XL:     9   Next: 39%
Magic:  2/17       EV: 11    Int: 19    God:
Gold:   275        SH:  0    Dex: 10    Spells: 14/18 levels left

rFire   . . .      SeeInvis .   b - +0 rapier
rCold   . . .      Faith    .   (no shield)
rNeg    + . .      Spirit   .   E - quicksilver dragon scales
rPois   ∞          Reflect  .   (no helmet)
rElec   +          Harm     .   (no cloak)
rCorr   .          Rampage  .   t - +0 pair of gloves
Will    +....                   (no boots)
Stlth   +.........              (no amulet)
HPRegen 0.18/turn               (no ring)
MPRegen 0.15/turn               (no ring)

@: very slightly contaminated
A: sickness immunity, AC +6, negative energy resistance 1, electricity
resistance, torment resistance 1, petrification resistance
a: no special abilities


You were on level 6 of the Dungeon.
You visited 2 branches of the dungeon, and saw 7 of its levels.

You collected 290 gold pieces.
You spent 15 gold pieces at shops.

Inventory:

Hand Weapons
 b - a +0 rapier (weapon)
 d - a +0 hunting sling of flaming
 e - a +0 mace
 r - a +0 hand axe of venom
 v - a +0 longbow
 w - a +1 short sword of holy wrath
 D - a +2 battleaxe of freezing
Missiles
 a - 30 sling bullets
 c - 45 stones
 x - a throwing net
Armour
 f - a +0 leather armour
 s - a +1 ring mail of fire resistance
 t - a +0 pair of gloves (worn)
 E - quicksilver dragon scales (worn)
Jewellery
 u - a ring of flight
Wands
 A - a wand of flame (29)
Scrolls
 g - a scroll of fear {unknown}
 j - a scroll of amnesia {unknown}
 m - 4 scrolls of teleportation
 p - 2 scrolls of immolation {unknown}
 q - 3 scrolls of identify {unknown}
 y - 3 scrolls of blinking {unknown}
 B - a scroll of enchant armour {unknown}
 C - a scroll of holy word {unknown}
 F - a scroll of vulnerability {unknown}
Potions
 h - a potion of berserk rage {unknown}
 i - a potion of might
 k - a potion of haste {unknown}
 l - a potion of degeneration {unknown}
 n - a potion of resistance {unknown}
 o - a potion of flight {unknown}
 z - a potion of curing {unknown}


   Skills:
 * Level 5.7 Fighting
 + Level 3.9 Armour
 + Level 3.4 Dodging
 - Level 2.1 Stealth
 * Level 5.3 Spellcasting
 * Level 5.8 Conjurations
 - Level 0.7 Transmutations
 * Level 7.6 Earth Magic


You had 14 spell levels left.
You knew the following spells:

 Your Spells              Type           Power      Damage    Failure   Level
a - Sandblast             Erth           68%        2d15      1%          1
b - Stone Arrow           Conj/Erth      60%        3d10      4%          3

Your spell library contained the following spells:

 Spells                   Type           Power      Damage    Failure   Level
 Passwall                 Tmut/Erth      16%        N/A       7%          2
 Beastly Appendage        Tmut           14%        N/A       19%         1
 Freeze                   Ice            20%        1d4       24%         1
 Wereblood                Tmut           7%         N/A       28%         2
 Petrify                  Tmut/Erth      20%        N/A       41%         4
 Spider Form              Tmut/Pois      6%         N/A       54%         3
 Frozen Ramparts          Ice            10%        1d3       58%         3
 Hailstorm                Conj/Ice       16%        3d6       58%         4


Dungeon Overview and Level Annotations

Branches:
Dungeon (6/15)             Temple (1/1) D:5

Altars:
Ashenzari
Cheibriados
Dithmenos
Elyvilon
Fedhas
Gozag
Hepliaklqana
Kikubaaqudgha
Makhleb
Nemelex Xobeh
Okawaru
Qazlal
Ru
Sif Muna
Trog
Uskayaw
Vehumet
Wu Jian
Xom
Yredelemnul
Zin

Shops:
D:5 *


Innate Abilities, Weirdness & Mutations

You are immune to sickness and miasma.
Your stone body is resilient. (AC +6)
You are immune to poison.
You resist negative energy. (rN+)
You are resistant to electric shocks. (rElec)
You are resistant to unholy torment.
You are immune to petrification.


Message History

Press: ? - help, Shift-Dir - straight line, f - two-headed ogre
Aim: a two-headed ogre, wielding a +0 giant club and a +0 giant spiked club (88% to hit)
The stone arrow hits the two-headed ogre!
The two-headed ogre is lightly wounded.
Unknown command.
Casting: Stone Arrow (dangerous; 4% risk of failure)
Confirm with . or Enter, or press ? or * to list all spells.
Aiming: Stone Arrow (dangerous; 4% risk of failure)
Press: ? - help, Shift-Dir - straight line, f/p - two-headed ogre
Aim: a two-headed ogre, wielding a +0 giant club and a +0 giant spiked club (lightly wounded, 88% to hit)
You miscast Stone Arrow.
You are very lightly contaminated with residual magic.
Nothing appears to happen.
Casting: Stone Arrow (dangerous; 4% risk of failure)
Confirm with . or Enter, or press ? or * to list all spells.
Aiming: Stone Arrow (dangerous; 4% risk of failure)
Press: ? - help, Shift-Dir - straight line, f/p - two-headed ogre
Aim: a two-headed ogre, wielding a +0 giant club and a +0 giant spiked club (lightly wounded, 88% to hit)
The stone arrow hits the two-headed ogre!
The two-headed ogre is moderately wounded.
Unknown command.
Casting: Stone Arrow (dangerous; 4% risk of failure)
Confirm with . or Enter, or press ? or * to list all spells.
Aiming: Stone Arrow (dangerous; 4% risk of failure)
Press: ? - help, Shift-Dir - straight line, f/p - two-headed ogre
Aim: a two-headed ogre, wielding a +0 giant club and a +0 giant spiked club (moderately wounded, 88% to hit)
You miscast Stone Arrow.
Nothing appears to happen.
The two-headed ogre hits you with a +0 giant club!
The two-headed ogre hits you with a +0 giant spiked club!
Casting: Stone Arrow (dangerous; 4% risk of failure)
Confirm with . or Enter, or press ? or * to list all spells.
Aiming: Stone Arrow (dangerous; 4% risk of failure)
Press: ? - help, Shift-Dir - straight line, f/p - two-headed ogre
Aim: a two-headed ogre, wielding a +0 giant club and a +0 giant spiked club (moderately wounded, 88% to hit)
The stone arrow hits the two-headed ogre!
The two-headed ogre is severely wounded.
The two-headed ogre hits you with a +0 giant club!!
* * * LOW HITPOINT WARNING * * *
The two-headed ogre hits you with a +0 giant spiked club!
You die...

##############
#............#
#............#
#............#
#...........#########
#......@....#.......#
##....O####'#.......#
#.....#............#
#......#............#
#......#............#
#......#†....####+###
##.....#.....#
#######.....# #.....#


You could see a two-headed ogre.

Vanquished Creatures
  Grinder (D:6)
  Sigmund (D:3)
  A water moccasin (D:5)
  An orc warrior (D:5)
  A black bear (D:5)
  A sky beast (D:6)
  2 necrophages
  A centaur (D:5)
  2 scorpions
  A water moccasin skeleton (D:4)
  A howler monkey (D:4)
  2 bullfrog zombies
  A jelly (D:2)
  2 hounds
  A bullfrog skeleton (D:5)
  2 gnoll shamans (D:4)
  3 orc priests
  2 centaur skeletons
  6 iguanas
  Jessica (D:2)
  Ijyb (D:4)
  Natasha (thrice) (D:3)
  5 orc wizards
  A hound skeleton (D:4)
  A howler monkey skeleton (D:5)
  13 gnolls
  6 adders
  A worm (D:2)
  2 adder skeletons (D:4)
  3 dart slugs
  17 orcs
  3 bats (D:2)
  2 endoplasms
  4 giant cockroaches
  4 hobgoblins
  2 jackals (D:3)
  A quokka (D:2)
  3 ball pythons
  A frilled lizard (D:1)
  4 goblins
  4 kobolds
  2 rats
116 creatures vanquished.

Notes
Turn   | Place    | Note
-------+----------+-------------------------------------------
     0 | D:1      | Kaptain the Gargoyle Earth Elementalist began the quest for
                  | the Orb.
     0 | D:1      | Reached XP level 1. HP: 10/10 MP: 3/3
   286 | D:1      | Found a faded altar of an unknown god.
   323 | D:1      | Reached XP level 2. HP: 16/16 MP: 5/5
   917 | D:2      | Reached skill level 1 in Fighting
   917 | D:2      | Reached skill level 1 in Conjurations
  1048 | D:2      | Reached XP level 3. HP: 20/20 MP: 3/6
  1095 | D:2      | Reached skill level 4 in Earth Magic
  1140 | D:2      | Noticed Jessica
  1144 | D:2      | Killed Jessica
  1147 | D:2      | Reached skill level 1 in Armour
  1147 | D:2      | Reached XP level 4. HP: 25/25 MP: 2/7
  1866 | D:3      | Noticed Natasha
  1869 | D:3      | Killed Natasha
  1870 | D:3      | Reached XP level 5. HP: 30/30 MP: 5/9
  1893 | D:3      | Noticed Natasha
  1896 | D:3      | Killed Natasha
  1921 | D:3      | Noticed Natasha
  1928 | D:3      | Killed Natasha
  2004 | D:3      | Noticed Sigmund
  2012 | D:3      | Killed Sigmund
  2013 | D:3      | Reached skill level 5 in Earth Magic
  2013 | D:3      | Reached XP level 6. HP: 12/36 MP: 5/10
  2310 | D:3      | Learned a level 3 spell: Stone Arrow
  2326 | D:3      | Found a glowing silver altar of Zin.
  2438 | D:3      | Found an iron altar of Okawaru.
  2438 | D:3      | Found a sacrificial altar of Ru.
  2439 | D:3      | Found a basalt altar of Yredelemnul.
  2701 | D:3      | Reached XP level 7. HP: 41/41 MP: 3/12
  3057 | D:4      | Noticed Ijyb
  3108 | D:4      | Killed Ijyb
  4744 | D:4      | Found a shimmering blue altar of Sif Muna.
  5165 | D:5      | Entered Level 5 of the Dungeon
  5253 | D:5      | Reached skill level 6 in Earth Magic
  5253 | D:5      | Reached XP level 8. HP: 48/48 MP: 7/14
  5374 | D:5      | Found a staircase to the Ecumenical Temple.
  5504 | Temple   | Entered the Ecumenical Temple
  6446 | D:5      | Found Irphuu's CLEARANCE SALE!.
  6452 | D:5      | Bought 9 stones for 3 gold pieces
  6452 | D:5      | Bought a scroll of teleportation for 12 gold pieces
  7092 | D:5      | Reached skill level 5 in Fighting
  7092 | D:5      | Reached skill level 5 in Conjurations
  7309 | D:5      | Reached skill level 7 in Earth Magic
  7521 | D:5      | Reached XP level 9. HP: 47/54 MP: 4/16
  7609 | D:6      | Noticed Grinder
  7616 | D:6      | Killed Grinder
  7617 | D:6      | Reached skill level 5 in Spellcasting
  8642 | D:6      | Noticed a two-headed ogre
  8647 | D:6      | Mangled by a two-headed ogre

Illustrated notes

Levels and vault maps discovered:
D:1:      lemuel_arrival_cross, layout_rooms, basic_ecumenical_altar,
          nrook_mini_vaults
D:2:      layout_loops_corners, uniq_jessica
D:3:      layout_basic, zin_academy, chequers_temple_overflow_statue_of_worship,
          minmay_misc_feat_diagonals, chequers_serial_rivers_small_3,
          uniq_natasha, uniq_sigmund
D:4:      layout_basic, mainiacjoe_overflow_surrounded_room,
          minmay_quadrilaterals, uniq_ijyb
D:5:      layout_basic, minmay_temple_entry_grid, nicolae_shop_clearance
D:6:      layout_gridville, nrook_pool_corridor, uniq_grinder
Temple:   regret_index_temple_sphere_string

Skill      XL: |  1  2  3  4  5  6  7  8  9 |
---------------+----------------------------+-----
Fighting       | 1 2 3 4 5 |  5.7
Conjurations   | 1 2 3 4 5 |  5.8
Earth Magic    | 4 5 6 7 |  7.6
Armour         | 1 2 3 |  3.9
Dodging        | 2 3 |  3.4
Spellcasting   | 3 4 5 |  5.3
Stealth        | |  2.1
Transmutations | |  0.7

Action                   |  1- 3 |  4- 6 |  7- 9 || total
-------------------------+-------+-------+-------++-------
Melee: Mace              |     6 |       |       ||     6
       Rapier            |       |     9 |    97 ||   106
 Cast: Sandblast         |    25 |    46 |    29 ||   100
       Stone Arrow       |       |       |   119 ||   119
  Use: Potion            |       |       |     2 ||     2
 Stab: Sleeping          |     1 |       |       ||     1
Armor: Robe              |     3 |       |       ||     3
       Leather armour    |     5 |     6 |       ||    11
       Ring mail         |       |       |    91 ||    91
       Quicksilver drago |       |       |     1 ||     1
Dodge: Dodged            |    17 |     9 |    71 ||    97
